Map: [ESL] Hard Lead

Players

Spirit

  • Race: Terran Terran
  • Spawn Location: 11:00

HeroMarine - Winner!

  • Race: Terran Terran
  • Spawn Location: 5:00

Event: IEM Katowice 2024

VOD

Have the link to the VOD?

Description

Time

  • Played on: Feb. 8, 2024, 7:01 a.m.
  • Length: 10:01

All games in this series

Show
View Real Time Build Order
Export as new Build Order

Spirit Terran 

Build Orders: Gas First Reaper Expand 

Get SALT Encoding   

  12  0:00  SCV  
  13  0:12  SCV  
  14  0:17  Supply Depot  
  14  0:24  SCV  
  14  0:27  Refinery  
  15  0:38  SCV  
  16  0:44  Barracks  
  16  0:50  SCV  
  17  1:03  SCV  
  18  1:15  SCV  
  19  1:31  Orbital Command, Reaper  
  20  1:42  Command Center  
  20  1:52  Factory  
  20  1:56  SCV  
  21  2:06  Barracks Reactor  
  21  2:09  SCV  
  21  2:11  Supply Depot  
  21  2:14  Refinery  
  22  2:21  SCV  
  23  2:33  SCV  
  23  2:36  Hellion  
  26  2:41  Starport  
  26  2:42  Marine x2  
  28  2:45  SCV  
  29  2:54  Orbital Command  
  29  2:57  SCV  
  30  3:02  Cyclone  
  30  3:04  Marine  
  33  3:07  Marine  
  33  3:09  SCV  
  35  3:19  Starport Tech Lab  
  35  3:21  SCV  
  35  3:22  SCV  
  35  3:25  Marine x2  
  39  3:33  SCV, Refinery  
  40  3:35  Factory Tech Lab, SCV  
  40  3:40  Raven  
  43  3:45  SCV  
  43  3:47  SCV  
  46  3:52  Supply Depot  
  45  3:57  SCV  
  45  4:00  SCV  
  45  4:02  Supply Depot  
  45  4:03  Marine  
  46  4:13  Siege Tank, SCV x2, Marine  
  46  4:15  Raven  
  54  4:24  Marine  
  54  4:25  SCV x2, Supply Depot  
  54  4:26  Interference Matrix  
  57  4:35  Command Center  
  57  4:37  SCV  
  57  4:38  SCV  
  59  4:47  Siege Tank  
  59  4:48  Marine  
  59  4:49  Supply Depot, Marine  
  59  4:50  SCV  
  59  4:51  SCV  
  66  4:59  Raven  
  68  5:02  SCV, Refinery  
  68  5:03  SCV  
  70  5:10  Marine  
  70  5:11  Supply Depot  
  70  5:14  SCV  
  71  5:15  SCV  
  71  5:19  Siege Tank  
  75  5:22  Barracks  
  75  5:24  Barracks  
  75  5:26  SCV  
  75  5:27  SCV  
  77  5:33  Supply Depot  
  77  5:38  SCV  
  77  5:39  SCV, Engineering Bay x2  
  79  5:44  Viking  
  79  5:45  Viking  
  79  5:48  Stimpack, Marine  
  83  5:51  SCV  
  83  5:54  Siege Tank  
  83  5:55  SCV  
  88  6:04  SCV  
  89  6:08  Orbital Command  
  89  6:11  SCV  
  88  6:16  SCV  
  88  6:17  Barracks Reactor  
  88  6:22  Barracks Reactor  
  88  6:23  SCV  
  87  6:28  SCV  
  87  6:29  Barracks x2  
  88  6:33  Orbital Command  
  88  6:35  Liberator, SCV  
  88  6:37  Liberator  
  95  6:40  SCV  
  95  6:41  Terran Infantry Weapons Level 1  
  95  6:46  Terran Infantry Armor Level 1  
  96  6:47  SCV  
  96  6:52  SCV  
  96  6:53  Marine  
  99  6:54  Marine  
  99  6:56  Marine  
  99  6:59  SCV  
  99  7:01  Supply Depot  
  101  7:02  Siege Tank  
  101  7:03  SCV, Marine  
  101  7:04  SCV  
  107  7:09  Sensor Tower  
  107  7:11  SCV, Marine  
  107  7:12  Supply Depot  
  107  7:13  Supply Depot  
  109  7:16  SCV, Marine  
  109  7:22  SCV, Marine x2  
  112  7:23  SCV  
  112  7:24  Barracks Reactor  
  112  7:25  Barracks Reactor  
  112  7:28  SCV  
  114  7:31  Combat Shield  
  114  7:32  Supply Depot x2  
  114  7:35  Siege Tank, SCV x2  
  119  7:38  Marine x3  
  119  7:40  SCV, Marine x2  
  119  7:44  Refinery  
  125  7:46  Refinery  
  125  7:47  SCV x2  
  127  7:56  Marine  
  127  7:57  Marine x2  
  127  7:58  Marine x2, SCV  
  109  7:59  SCV  
  109  8:00  SCV  
  109  8:02  Marine  
  109  8:04  Marine  
  100  8:07  Medivac x2  
  100  8:09  Marine  
  100  8:10  Marine  
  105  8:14  Marine  
  105  8:15  Marine x2  
  105  8:16  Marine  
  105  8:17  Marine  
  110  8:20  Marine  
  110  8:21  Marine  
  110  8:27  Orbital Command, Marine  
  111  8:28  Marine  
  111  8:31  Marine  
  111  8:32  SCV  
  111  8:33  Marine  
  114  8:38  Marine x3  
  116  8:42  Siege Tank  
  116  8:45  Marine  
  120  8:50  Marine  
  122  8:55  SCV  
  122  8:58  Marine  
  122  8:59  SCV  
  122  9:00  Sensor Tower  
  124  9:04  Medivac  
  124  9:05  Marine  
  124  9:06  SCV  
  124  9:09  Medivac  
  127  9:10  Marine x2  
  127  9:14  Siege Tank  
  127  9:15  Marine  
  133  9:17  Marine  
  133  9:19  Marine  
  133  9:21  Marine  
  133  9:23  Marine  
  137  9:27  Marine  
  138  9:33  Marine  
  138  9:34  Marine  
  138  9:36  Marine  
  138  9:37  Marine x2  
  138  9:38  Marine  
  117  9:39  Marine  
  117  9:41  Marine  
Show
View Real Time Build Order
Export as new Build Order

HeroMarine Terran - Winner!

Build Orders: Cyclone Opening 

Get SALT Encoding   

  12  0:00  SCV  
  13  0:12  SCV  
  14  0:16  Supply Depot  
  14  0:24  SCV  
  15  0:38  SCV  
  15  0:40  Barracks  
  16  0:43  Refinery  
  16  0:50  SCV  
  16  0:52  Refinery  
  17  1:02  SCV  
  18  1:14  SCV  
  19  1:27  Orbital Command, Reaper  
  20  1:33  Supply Depot  
  20  1:41  Factory  
  20  1:52  SCV  
  21  1:59  Reaper  
  22  2:04  SCV  
  23  2:15  Command Center  
  23  2:19  SCV  
  24  2:26  Hellion  
  26  2:31  Reaper, SCV  
  28  2:39  Supply Depot  
  28  2:43  SCV  
  29  2:47  Cyclone  
  31  2:56  Starport  
  31  3:00  SCV  
  31  3:03  Barracks Reactor  
  32  3:12  SCV  
  33  3:22  Factory Tech Lab  
  33  3:24  SCV  
  34  3:29  Refinery  
  34  3:30  Orbital Command  
  36  3:36  Starport Tech Lab, SCV  
  35  3:46  Siege Tank, Marine x2  
  40  3:48  SCV  
  41  3:57  Raven  
  41  3:58  SCV  
  41  4:01  SCV  
  45  4:10  SCV  
  45  4:13  SCV  
  45  4:16  Command Center  
  45  4:21  Supply Depot  
  45  4:23  Interference Matrix  
  45  4:25  SCV x2  
  45  4:29  Factory Reactor  
  47  4:32  Raven  
  47  4:36  Stimpack  
  47  4:37  SCV x2  
  51  4:41  Barracks  
  51  4:44  Barracks  
  51  4:45  Marine  
  52  4:50  SCV x2  
  54  5:02  SCV x2  
  54  5:03  Marine  
  54  5:06  Raven  
  59  5:07  Engineering Bay x2  
  59  5:14  SCV x2  
  59  5:17  Factory Reactor  
  59  5:21  Marine  
  62  5:23  Supply Depot  
  62  5:26  Refinery  
  62  5:27  Orbital Command  
  62  5:28  SCV x2  
  64  5:34  Terran Infantry Weapons Level 1, Terran Infantry Armor Level 1  
  64  5:40  SCV x2, Marine x4  
  64  5:41  Marine  
  71  5:46  Bunker  
  70  5:57  Marine  
  70  5:58  Marine  
  70  6:00  Marine  
  70  6:01  Marine x2  
  73  6:14  Siege Tank  
  73  6:15  Medivac, Marine x2  
  73  6:16  Medivac  
  73  6:17  Barracks  
  82  6:18  Barracks, Marine x2  
  82  6:19  Marine  
  82  6:24  Orbital Command  
  85  6:27  SCV x2  
  86  6:33  Combat Shield, Marine x2  
  86  6:36  Marine x3, Supply Depot  
  86  6:39  SCV x2  
  93  6:52  Supply Depot x2  
  93  6:57  Siege Tank, Marine x4  
  93  7:01  Marine  
  100  7:05  SCV  
  101  7:08  Barracks Reactor  
  101  7:09  Barracks Reactor  
  101  7:13  SCV x2, Medivac x2  
  101  7:15  Marine x4, Supply Depot  
  111  7:17  SCV  
  111  7:20  Marine  
  113  7:25  SCV x2  
  115  7:31  Armory, SCV  
  115  7:32  Supply Depot  
  115  7:33  Marine  
  115  7:36  Marine x3  
  120  7:38  Marine, SCV x2  
  123  7:47  Supply Depot, Marine x2  
  123  7:48  Supply Depot x2  
  123  7:50  Marine  
  118  7:51  Marine  
  118  7:52  Marine  
  118  7:54  Marine x3  
  118  7:56  Marine, SCV  
  118  7:57  SCV  
  113  8:02  SCV  
  113  8:05  Siege Tank, Marine x2  
  100  8:06  Medivac x2  
  100  8:08  Marine, SCV  
  100  8:09  Marine x2  
  100  8:12  Marine x3  
  111  8:14  Marine  
  111  8:20  SCV x3  
  111  8:23  Marine x2  
  111  8:26  Marine  
  116  8:27  Marine x2  
  116  8:29  Marine x3  
  116  8:32  SCV x3, Marine  
  124  8:38  Siege Tank  
  124  8:40  Viking  
  124  8:41  Marine x2  
  131  8:43  Medivac  
  131  8:44  Marine  
  131  8:45  Marine x2  
  131  8:47  Marine x2  
  131  8:48  SCV  
  139  8:49  Refinery  
  139  8:51  Marine, Refinery  
  139  8:52  Marine  
  141  8:58  Marine x2  
  141  9:02  Marine  
  144  9:03  Marine x2  
  144  9:04  SCV x2  
  144  9:05  SCV, Marine x2  
  144  9:09  Marine  
  150  9:10  Siege Tank, Marine  
  150  9:16  Marine x2  
  154  9:20  Marine x2  
  154  9:21  Marine  
  154  9:23  Marine  
  157  9:26  Marine  
  157  9:27  Marine  
  157  9:28  Marine  
  157  9:34  Marine x2  
  157  9:37  Marine  
  147  9:38  Marine  
  147  9:39  Marine  
  147  9:43  Command Center, Sensor Tower  

Tags
 
Add a new tag
Caveats
  • Supply blocks, unpowered buildings, or Contaminate may cause inaccurate times.
  • Supply counts are checked every 10 seconds.